 Dungeon Crawl Stone Soup version 0.28-a0-723-g095bd1b44f (webtiles) character file.

Game seed: 12397453761332115857

108 timneilson the Shield-Bearer (level 4, -3/28 HPs)
             Began as a Gargoyle Fighter on Oct 25, 2021.
             Slain by an orc (7 damage)
             ... on level 3 of the Dungeon.
             The game lasted 00:03:20 (3094 turns).

timneilson the Shield-Bearer (Gargoyle Fighter)     Turns: 3094, Time: 00:03:21

Health: -3/28      AC: 15    Str: 21    XL:     4   Next: 87%
Magic:  4/4        EV:  8    Int:  8    God:
Gold:   126        SH:  5    Dex: 15    Spells: 3/3 levels left

rFire   . . .      SeeInvis .   a - +1 long sword
rCold   . . .      Faith    .   c - +0 buckler
rNeg    + . .      Spirit   .   l - +1 chain mail {rPois}
rPois   ∞          Reflect  .   (no helmet)
rElec   +          Harm     .   i - +0 cloak
rCorr   .          Rampage  .   (no gloves)
Will    .....                   (no boots)
Stlth   ..........              (no amulet)
HPRegen 0.09/turn               j - +6 ring of dexterity
MPRegen 0.09/turn               (no ring)

@: no status effects
A: sickness immunity, AC +3, negative energy resistance 1, electricity
resistance, torment resistance 1, petrification resistance
a: no special abilities


You were on level 3 of the Dungeon.
You visited 1 branch of the dungeon, and saw 3 of its levels.

You collected 126 gold pieces.

Inventory:

Hand Weapons
 a - a +1 long sword (weapon)
Armour
 c - a +0 buckler (worn)
 i - a +0 cloak (worn)
 l - a +1 chain mail of poison resistance (worn)
Jewellery
 j - a +6 ring of dexterity (left hand)
Scrolls
 e - a scroll of enchant weapon
 g - 2 scrolls of fog
Potions
 d - a potion of might
 f - a potion of heal wounds {unknown}
 h - a potion of lignification {unknown}
 k - a potion of attraction {unknown}


   Skills:
 + Level 3.6 Fighting
 * Level 2.6 Long Blades
 * Level 4.1 Armour
 + Level 0.8 Dodging
 * Level 4.2 Shields


You had 3 spell levels left.
You didn't know any spells.
Your spell library was empty.

Dungeon Overview and Level Annotations

Branches:
Dungeon (3/15)

Altars:

Shops:
D:2 !


Innate Abilities, Weirdness & Mutations

You are immune to sickness and miasma.
Your stone body is resilient. (AC +3)
You are immune to poison.
You resist negative energy. (rN+)
You are resistant to electric shocks. (rElec)
You are resistant to unholy torment.
You are immune to petrification.


Message History

You climb downwards.
The orc hits you but does no damage. You block the orc's attack.
There is a stone staircase leading up here.
You hit the orc.
The orc is moderately wounded.
The orc hits you but does no damage.
You barely miss the orc.
The orc is moderately wounded.
The orc closely misses you.
You closely miss the orc.
The orc is moderately wounded.
The orc hits you but does no damage.
You slash the orc!
You kill the orc!
Things that are here:
a +0 short sword; an orc corpse HP restored.
An orc comes into view.
It is wielding a +2 flail of protection.
The orc shouts!
The orc hits you with a +2 flail of protection.
You hit the orc but do no damage. The orc hits you but does no damage.
You closely miss the orc.
The orc hits you with a +2 flail of protection.
You closely miss the orc. The orc barely misses you.
The orc hits you but does no damage.
You barely miss the orc.
The orc hits you with a +2 flail of protection.
You barely miss the orc.
The orc hits you with a +2 flail of protection.
You hit the orc.
The orc is almost dead.
The orc hits you but does no damage. x2
You completely miss the orc.
The orc is almost dead.
The orc hits you with a +2 flail of protection.
* * * LOW HITPOINT WARNING * * *
You closely miss the orc.
The orc is almost dead.
The orc hits you with a +2 flail of protection!
You die...

#. #.#### #..#.# #
####..#.# .#
......#.# .$#
#.......##..#
####)......o....#
#..........@.#
#.#########..##.##
#).................
#<#############.###
#.# # #.# #.# ..#
.#.


You could see an orc.

Vanquished Creatures
  An orc priest (D:2)
  An orc wizard (D:2)
  An adder (D:2)
  A dart slug (D:2)
  2 orcs
  4 endoplasms (D:1)
  2 giant cockroaches (D:1)
  3 goblins
  3 hobgoblins
  6 ball pythons
  6 bats
  2 frilled lizards
  3 kobolds
  7 rats (D:1)
42 creatures vanquished.

Notes
Turn   | Place    | Note
-------+----------+-------------------------------------------
     0 | D:1      | timneilson the Gargoyle Fighter began the quest for the
                  | Orb.
     0 | D:1      | Reached XP level 1. HP: 14/14 MP: 1/1
   200 | D:1      | Reached XP level 2. HP: 12/19 MP: 2/2
   777 | D:1      | Found a faded altar of an unknown god.
   928 | D:1      | Reached XP level 3. HP: 18/23 MP: 3/3
  1856 | D:2      | Found Miagecw's Distillery.
  2787 | D:2      | Reached XP level 4. HP: 10/28 MP: 4/4
  3094 | D:3      | Slain by an orc

Illustrated notes

Levels and vault maps discovered:
D:1:      shiori_arrival_maze, layout_basic, hellmonk_ecumenical_altar_run_dry,
          serial_aquarium, aquarium_bridge_long_separate
          [aquarium_subvault_wall, aquarium_subvault_bridge,
          aquarium_subvault_window, aquarium_subvault_bridge,
          aquarium_subvault_window, aquarium_subvault_bridge],
          aquarium_bridge_island_large [aquarium_subvault_large_water,
          aquarium_subvault_bridge, aquarium_subvault_wall,
          aquarium_subvault_balcony, aquarium_subvault_wall], aquarium_window_2,
          aquarium_window_corner, aquarium_view_2c,
          chequers_serial_rivers_small_3, minmay_vboxes
D:2:      layout_loops_corners, serial_shops, nicolae_square_shop,
          serial_aquarium, aquarium_bridge_square [aquarium_subvault_bridge,
          aquarium_subvault_window, aquarium_subvault_bridge,
          aquarium_subvault_wall], aquarium_bridge_island_small
          [aquarium_subvault_small_open, aquarium_subvault_bridge,
          aquarium_subvault_bridge, aquarium_subvault_wall,
          aquarium_subvault_window], aquarium_window_1, aquarium_window_1,
          aquarium_window_1, aquarium_view_2g, aquarium_view_2c,
          aquarium_balcony_3a
D:3:      minmay_evil_eye, layout_loops_ring, grunt_ministairs_2, uniq_terence

Skill      XL: |  1  2  3 |
---------------+----------+-----
Long Blades    | 2 |  2.6
Armour         | 4 |  4.1
Shields        | 4 |  4.2
Fighting       | |  3.6
Dodging        | |  0.8

Action                   |  1- 3 |  4- 6 || total
-------------------------+-------+-------++-------
Melee: Long sword        |   120 |    18 ||   138
  Use: Scroll            |     4 |       ||     4
Armor: Scale mail        |    67 |       ||    67
       Chain mail        |       |    10 ||    10
Dodge: Dodged            |    48 |     2 ||    50
Block: Buckler           |    32 |     2 ||    34

Table legend: (Time is in decaauts)
 A = Elapsed time spent in this place.
 B = Non-inter-level travel time spent in this place.
 C = Inter-level travel time spent in this place.
 D = Time resting spent in this place.
 E = Time spent auto-exploring this place.
 F = Levels seen in this place.
 G = Mean time per level.
                   A        B        C        D        E       F      G
               +--------+--------+--------+--------+--------+-----+--------+
         Total |   3140 |   3076 |     64 |    312 |   2387 |   3 | 1046.7 |
       Dungeon |   3140 |   3076 |     64 |    312 |   2387 |   3 | 1046.7 |
               +--------+--------+--------+--------+--------+-----+--------+

Top non-repeatable levels by time:
     D:1: 1568 daAuts
     D:2: 1433 daAuts
     D:3: 138 daAuts
